% Time on Ice - SEATTLE GRUNGE
Lines # - Real PCT - Wanted PCT - Time Play
Normal Forward
1 - 24% - 25% - 11:16
2 - 26% - 25% - 12:10
3 - 25% - 25% - 11:52
4 - 26% - 25% - 12:14
Normal Defense
1 - 33% - 34% - 15:36
2 - 33% - 33% - 15:55
3 - 34% - 33% - 16:01
4 - 0% - 0% - 0:00
PP Forward
1 - 65% - 55% - 4:14
2 - 35% - 45% - 2:17
PP Defense
1 - 65% - 55% - 4:14
2 - 35% - 45% - 2:17
PK Forward
1 - 55% - 55% - 3:18
2 - 45% - 45% - 2:39
PK Defense
1 - 51% - 55% - 3:01
2 - 49% - 45% - 2:56
PK3 Forward
1 - 0% - 55%
2 - 0% - 45%
PK3 Defense
1 - 0% - 55%
2 - 0% - 45%
44 Forward
1 - 0% - 55%
2 - 0% - 45%
44 Defense
1 - 0% - 55%
2 - 0% - 45%
Last Minute Offensive  - 0:00
Last Minute Defensive  - 0:00
Total
Forward - 60:00
Defense - 60:00
% Time on Ice - SAN DIEGO THUNDER
Lines # - Real PCT - Wanted PCT - Time Play
Normal Forward
1 - 33% - 34% - 15:50
2 - 36% - 31% - 16:55
3 - 24% - 25% - 11:13
4 - 8% - 10% - 3:34
Normal Defense
1 - 32% - 34% - 15:18
2 - 33% - 32% - 15:43
3 - 31% - 24% - 14:36
4 - 4% - 10% - 1:55
PP Forward
1 - 48% - 55% - 2:50
2 - 52% - 45% - 3:07
PP Defense
1 - 54% - 55% - 3:13
2 - 46% - 45% - 2:44
PK Forward
1 - 61% - 55% - 4:00
2 - 39% - 45% - 2:31
PK Defense
1 - 53% - 55% - 3:29
2 - 47% - 45% - 3:02
PK3 Forward
1 - 0% - 55%
2 - 0% - 45%
PK3 Defense
1 - 0% - 55%
2 - 0% - 45%
44 Forward
1 - 0% - 55%
2 - 0% - 45%
44 Defense
1 - 0% - 55%
2 - 0% - 45%
Last Minute Offensive  - 0:00
Last Minute Defensive  - 0:00
Total
Forward - 60:00
Defense - 60:00
Play-by-Play 1st period 0:01 of 1st period - Josh Bailey wins face-off versus Logan Couture in neutral zone. 0:16 of 1st period - Shot by Josh Bailey. 0:16 of 1st period - Shot Misses the Net. 0:25 of 1st period - Off-side. 0:26 of 1st period - Bo Horvat wins face-off versus Jason Zucker in neutral zone. 0:58 of 1st period - Shot by Mikael Granlund. 0:58 of 1st period - Stopped by Semyon Varlamov without a rebound. 0:59 of 1st period - Oskar Sundqvist wins face-off versus Pierre-Edouard Bellemare in SEATTLE GRUNGE zone. 1:32 of 1st period - Icing by Connor Murphy. 1:33 of 1st period - Pierre-Edouard Bellemare wins face-off versus Zemgus Girgensons in SAN DIEGO THUNDER zone. 1:33 of 1st period - Alexander Edler is hit by Mike Sgarbossa and loses puck. 1:45 of 1st period - Off-side. 1:46 of 1st period - Tyler Seguin wins face-off versus Nikita Kucherov in neutral zone. 1:55 of 1st period - Shot by Jeff Skinner. 1:55 of 1st period - Stopped by Connor Hellebuyck without a rebound. 1:56 of 1st period - Logan Couture wins face-off versus Zemgus Girgensons in SAN DIEGO THUNDER zone. 2:20 of 1st period - Logan Couture is hit by Matthew Grzelcyk and loses puck. 2:25 of 1st period - Shot by Nikita Kucherov. 2:25 of 1st period - Shot Misses the Net. 2:27 of 1st period - Shot by Logan Couture. 2:27 of 1st period - Shot Misses the Net. 2:29 of 1st period - Shot by Logan Couture. 2:29 of 1st period - Stopped by Semyon Varlamov without a rebound. 2:30 of 1st period - Chris Tierney wins face-off versus Jean-Gabriel Pageau in SEATTLE GRUNGE zone. 2:46 of 1st period - Michael Frolik is hit by Patrik Nemeth and loses puck. 2:49 of 1st period - Shot by Michael Frolik. 2:49 of 1st period - Deflect By Jason Zucker. 2:49 of 1st period - Stopped by Connor Hellebuyck with a rebound. 3:04 of 1st period - Icing by Jason Zucker. 3:05 of 1st period - Chris Tierney wins face-off versus Bo Horvat in SEATTLE GRUNGE zone. 3:18 of 1st period - Icing by Alexander Edler. 3:19 of 1st period - Oskar Sundqvist wins face-off versus Bo Horvat in SAN DIEGO THUNDER zone. 3:56 of 1st period - Shot by Bo Horvat. 3:56 of 1st period - Shot Misses the Net. 3:58 of 1st period - Shot by Bo Horvat. 3:58 of 1st period - Shot Misses the Net. 4:00 of 1st period - Shot by Connor Murphy. 4:00 of 1st period - Stopped by Semyon Varlamov without a rebound. 4:01 of 1st period - Josh Bailey wins face-off versus Pierre-Edouard Bellemare in SEATTLE GRUNGE zone. 4:01 of 1st period - Josh Bailey is hit by Pierre-Edouard Bellemare. 4:31 of 1st period - Shot by Jeff Skinner. 4:31 of 1st period - Stopped by Connor Hellebuyck without a rebound. 4:32 of 1st period - Logan Couture wins face-off versus Zemgus Girgensons in SAN DIEGO THUNDER zone. 4:55 of 1st period - Shot by Nikita Kucherov. 4:55 of 1st period - Deflect By Evander Kane. 4:55 of 1st period - Stopped by Semyon Varlamov without a rebound. 4:56 of 1st period - Bo Horvat wins face-off versus Tyler Seguin in SEATTLE GRUNGE zone. 4:57 of 1st period - Shot by Mikael Granlund. 4:57 of 1st period - Stopped by Semyon Varlamov without a rebound. 4:58 of 1st period - Tyler Seguin wins face-off versus Mikael Granlund in SEATTLE GRUNGE zone. 5:13 of 1st period - Shot by Bo Horvat. 5:13 of 1st period - Stopped by Semyon Varlamov without a rebound. 5:14 of 1st period - Zemgus Girgensons wins face-off versus Logan Couture in SEATTLE GRUNGE zone. 5:31 of 1st period - Shot by Logan Couture. 5:31 of 1st period - Deflect By Nikita Kucherov. 5:31 of 1st period - Stopped by Semyon Varlamov with a rebound. 5:33 of 1st period - Shot by Evander Kane. 5:33 of 1st period - Stopped by Semyon Varlamov with a rebound. 5:35 of 1st period - Shot by Alexander Edler. 5:35 of 1st period - Shot Misses the Net. 5:45 of 1st period - Shot by Nikita Kucherov. 5:45 of 1st period - Shot Misses the Net. 5:47 of 1st period - Shot by Connor Murphy. 5:47 of 1st period - Shot Misses the Net. 5:51 of 1st period - Shot by Logan Couture. 5:51 of 1st period - Stopped by Semyon Varlamov without a rebound. 5:52 of 1st period - Pierre-Edouard Bellemare wins face-off versus Oskar Sundqvist in SEATTLE GRUNGE zone. 5:52 of 1st period - Josh Anderson is hit by Damon Severson and loses puck. 6:00 of 1st period - Minor Penalty to Damon Severson for Unsportsmanlike conduct. 6:01 of 1st period - Michael Frolik wins face-off versus Bo Horvat in SEATTLE GRUNGE zone. 6:01 of 1st period - Michael Frolik is hit by Evander Kane. 6:25 of 1st period - Shot by Evander Kane. 6:25 of 1st period - Stopped by Semyon Varlamov without a rebound. 6:26 of 1st period - Josh Bailey wins face-off versus Logan Couture in SEATTLE GRUNGE zone. 6:47 of 1st period - Shot by Nikita Kucherov. 6:47 of 1st period - Stopped by Semyon Varlamov with a rebound. 7:29 of 1st period - Shot by Evander Kane. 7:29 of 1st period - Shot Misses the Net. 7:33 of 1st period - Shot by Evander Kane. 7:33 of 1st period - Shot Blocked by Rasmus Dahlin. 7:35 of 1st period - Shot by Charles McAvoy. 7:35 of 1st period - Shot Misses the Net. 7:37 of 1st period - Shot by Bo Horvat. 7:37 of 1st period - Stopped by Semyon Varlamov without a rebound. 7:38 of 1st period - Bo Horvat wins face-off versus Chris Tierney in SEATTLE GRUNGE zone. 8:05 of 1st period - Shot by Jared McCann. 8:05 of 1st period - Stopped by Semyon Varlamov with a rebound. 8:11 of 1st period - Shot by Josh Anderson. 8:11 of 1st period - Shot Misses the Net. 8:29 of 1st period - Shot by Patrik Nemeth. 8:29 of 1st period - Shot Misses the Net. 8:47 of 1st period - Shot by Evander Kane. 8:47 of 1st period - Shot Misses the Net. 9:15 of 1st period - Shot by Evander Kane. 9:15 of 1st period - Shot Misses the Net. 9:56 of 1st period - Radko Gudas is hit by Steve Bernier. 9:57 of 1st period - Icing by Radko Gudas. 9:58 of 1st period - Chris Tierney wins face-off versus Bo Horvat in SAN DIEGO THUNDER zone. 10:31 of 1st period - Shot by Jason Zucker. 10:31 of 1st period - Stopped by Connor Hellebuyck with a rebound. 10:33 of 1st period - Shot by Jason Zucker. 10:33 of 1st period - Shot Misses the Net. 10:35 of 1st period - Shot by Michael Frolik. 10:35 of 1st period - Deflect By Jason Zucker. 10:35 of 1st period - Shot Misses the Net. 10:37 of 1st period - Shot by Michael Frolik. 10:37 of 1st period - Stopped by Connor Hellebuyck without a rebound. 10:38 of 1st period - Pierre-Edouard Bellemare wins face-off versus Tyler Seguin in SAN DIEGO THUNDER zone. 11:31 of 1st period - Shot by Logan Couture. 11:31 of 1st period - Deflect By Nikita Kucherov. 11:31 of 1st period - Shot Misses the Net. 12:02 of 1st period - Icing by Travis Sanheim. 12:03 of 1st period - Mikael Granlund wins face-off versus Tyler Seguin in SEATTLE GRUNGE zone. 12:28 of 1st period - Shot by David Perron. 12:28 of 1st period - Shot Misses the Net. 12:40 of 1st period - Shot by David Perron. 12:40 of 1st period - Shot Blocked by Seth Jones. 13:38 of 1st period - Shot by Michael Frolik. 13:38 of 1st period - Shot Misses the Net. 13:40 of 1st period - Shot by Michael Frolik. 13:40 of 1st period - Stopped by Connor Hellebuyck without a rebound. 13:41 of 1st period - Oskar Sundqvist wins face-off versus Jean-Gabriel Pageau in SAN DIEGO THUNDER zone. 14:22 of 1st period - Shot by Jean-Gabriel Pageau. 14:22 of 1st period - Shot Misses the Net. 14:41 of 1st period - Shot by Nikita Kucherov. 14:41 of 1st period - Stopped by Semyon Varlamov without a rebound. 14:42 of 1st period - Logan Couture wins face-off versus Zemgus Girgensons in SEATTLE GRUNGE zone. 14:47 of 1st period - Shot by Logan Couture. 14:47 of 1st period - Stopped by Semyon Varlamov without a rebound. 14:48 of 1st period - Bo Horvat wins face-off versus Michael Frolik in SEATTLE GRUNGE zone. 14:49 of 1st period - Shot by Mikael Granlund. 14:49 of 1st period - Shot Misses the Net. 15:26 of 1st period - Shot by Damon Severson. 15:26 of 1st period - Shot Blocked by David Perron. 15:28 of 1st period - Shot by Damon Severson. 15:28 of 1st period - Stopped by Connor Hellebuyck without a rebound. 15:29 of 1st period - Zemgus Girgensons wins face-off versus Pierre-Edouard Bellemare in SAN DIEGO THUNDER zone. 16:12 of 1st period - Icing by Travis Sanheim. 16:13 of 1st period - Zemgus Girgensons wins face-off versus Logan Couture in SEATTLE GRUNGE zone. 16:13 of 1st period - Zemgus Girgensons is hit by Evander Kane. 16:16 of 1st period - Minor Penalty to Logan Couture for Goalie Interference. 16:17 of 1st period - Tyler Seguin wins face-off versus Josh Anderson in SAN DIEGO THUNDER zone. 16:22 of 1st period - Shot by Jeff Skinner. 16:22 of 1st period - Stopped by Connor Hellebuyck without a rebound. 16:23 of 1st period - Pierre-Edouard Bellemare wins face-off versus Tyler Seguin in SAN DIEGO THUNDER zone. 16:45 of 1st period - Shot by Jeff Skinner. 16:45 of 1st period - Shot Misses the Net. 16:47 of 1st period - Shot by Roman Josi. 16:47 of 1st period - Shot Blocked by Jean-Gabriel Pageau. 16:49 of 1st period - Shot by Tyler Seguin. 16:49 of 1st period - Goal by Tyler Seguin - SEATTLE GRUNGE : 1 - SAN DIEGO THUNDER : 0. 16:50 of 1st period - Chris Tierney wins face-off versus Logan Couture in neutral zone. 17:07 of 1st period - Shot by Jason Zucker. 17:07 of 1st period - Deflect By Chris Tierney. 17:07 of 1st period - Shot Blocked by Alexander Edler. 17:11 of 1st period - Shot by Jason Zucker. 17:11 of 1st period - Stopped by Connor Hellebuyck without a rebound. 17:12 of 1st period - Tyler Seguin wins face-off versus Bo Horvat in SAN DIEGO THUNDER zone. 17:53 of 1st period - Shot by Tyler Seguin. 17:53 of 1st period - Shot Misses the Net. 18:31 of 1st period - Icing by Radko Gudas. 18:32 of 1st period - Logan Couture wins face-off versus Zemgus Girgensons in SAN DIEGO THUNDER zone. 18:32 of 1st period - Logan Couture is hit by Mike Sgarbossa. 19:00 of 1st period - Shot by Logan Couture. 19:00 of 1st period - Stopped by Semyon Varlamov with a rebound. 19:32 of 1st period - Shot by Jason Zucker. 19:32 of 1st period - Stopped by Connor Hellebuyck without a rebound. 19:33 of 1st period - Bo Horvat wins face-off versus Oskar Sundqvist in SAN DIEGO THUNDER zone. 19:33 of 1st period - Mikael Granlund is hit by Steve Bernier. 19:38 of 1st period - Bo Horvat is hit by Rasmus Dahlin. 19:43 of 1st period - Minor Penalty to Damon Severson for High sticking. 19:44 of 1st period - Bo Horvat wins face-off versus Michael Frolik in SEATTLE GRUNGE zone. 19:45 of 1st period - Shot by Evander Kane. 19:45 of 1st period - Deflect By Bo Horvat. 19:45 of 1st period - Stopped by Semyon Varlamov without a rebound. 19:46 of 1st period - Michael Froli